 Dungeon Crawl Stone Soup version 0.30-a0-329-g85436e0a43 (webtiles) character file.

Game seed: 16231075261738974442

15 koil the Grave Robber (level 2, 0/20 HPs)
             Began as a Demonspawn Necromancer on Oct 29, 2022.
             Slain by a gnoll
             ... wielding a +0 club
              (7 damage)
             ... on level 1 of the Dungeon.
             The game lasted 00:02:32 (435 turns).

koil the Grave Robber (Demonspawn Necromancer)       Turns: 435, Time: 00:02:32

Health: 0/20       AC:  2    Str:  8    XL:     2   Next: 34%
Magic:  1/5        EV: 12    Int: 16    God:
Gold:   10         SH:  0    Dex: 13    Spells: 4/5 levels left

rFire   . . .      SeeInvis .    (no weapon)
rCold   . . .      Faith    .    (no shield)
rNeg    . . .      Spirit   .    c - +0 robe
rPois   .          Reflect  .    (helmet restricted)
rElec   .          Harm     .    (no cloak)
rCorr   .          Rampage  .    (no gloves)
Will    .....                    (no boots)
Stlth   ++........               (no amulet)
HPRegen 0.23/turn                (no ring)
MPRegen 0.09/turn                (no ring)

@: no status effects
A: horns 1
a: no special abilities


You were on level 1 of the Dungeon.
You visited 1 branch of the dungeon, and saw 1 of its levels.

You collected 10 gold pieces.

Inventory:

Hand Weapons
 b - a +0 sling
 e - a +0 short sword
Armour
 a - a +0 robe
 c - a +0 robe (worn)
Potions
 d - 2 potions of magic


   Skills:
 + Level 0.6 Fighting
 + Level 2.0 Dodging
 + Level 2.0 Stealth
 + Level 2.1 Spellcasting
 + Level 4.5 Necromancy


You had 4 spell levels left.
You knew the following spells:

 Your Spells              Type           Power      Damage    Failure   Level
a - Necrotise             Necr           64%        1d7       3%          1

Your spell library contained the following spells:

 Spells                   Type           Power      Damage    Failure   Level
 Vampiric Draining        Necr           16%        2d7       10%         3
 Animate Dead             Necr           16%        N/A       30%         4
 Agony                    Necr           16%        N/A       65%         5


Dungeon Overview and Level Annotations

Branches:
Dungeon (1/15)

Altars:


Innate Abilities, Weirdness & Mutations

You have a pair of small horns on your head.


Message History

Your bat skeleton hits the dart slug.
Your bat skeleton hits the dart slug but does no damage. x2
The dart slug bites your hobgoblin skeleton.
The gnoll hits your quokka skeleton with a +0 club!
Your quokka skeleton is destroyed!
The gnoll hits your bat skeleton with a +0 club.
Your bat skeleton hits the gnoll.
Your bat skeleton closely misses the gnoll.
Your bat skeleton hits the gnoll but does no damage.
The gnoll hits your bat skeleton with a +0 club!
Your bat skeleton is destroyed!
Your frilled lizard skeleton barely misses the gnoll.
Casting: Necrotise (safe; 3% risk of failure)
Confirm with . or Enter, or press ? or * to list all spells.
Aiming: Necrotise (safe; 3% risk of failure)
Press: ? - help, Shift-Dir - straight line, f - gnoll
Aim: a gnoll, wielding a +0 club (lightly wounded, chance to affect: 80%)
The gnoll writhes in agony!
The gnoll misses you.
You closely miss the gnoll.
The gnoll is severely wounded.
The gnoll barely misses you.
You hit the gnoll but do no damage.
The gnoll is severely wounded.
Your frilled lizard skeleton bites the gnoll but does no damage.
The gnoll hits you with a +0 club!
You closely miss the gnoll.
The gnoll is severely wounded.
Your frilled lizard skeleton bites the gnoll but does no damage.
The gnoll hits you with a +0 club.
You barely miss the gnoll.
The gnoll is severely wounded.
Your frilled lizard skeleton bites the gnoll but does no damage.
The gnoll closely misses you.
You hit the gnoll but do no damage.
You headbutt the gnoll, but do no damage.
The gnoll is severely wounded.
Your frilled lizard skeleton crumbles into dust!
The gnoll hits you with a +0 club. The gnoll hits you with a +0 club!
You die...

### ##.......#..#..
#.# ....... #..#..
#.##....... ## #..
#.......# ....
#.#...#.# ####.
#.###.ZZ# ## #.#
#w.... #g#####.#.#
### #####.@..##...#
#.. .......##...#
... #.#
............# .. #.#
............# #[#
............# #.#
............# .# #.#
#####.......####...#
#.# #..............#
#.#
#####........#####.#
#.#


You could see a gnoll.

Vanquished Creatures
  A dart slug (D:1)
  2 bats (D:1)
  2 endoplasms (D:1)
  A hobgoblin (D:1)
  A kobold (D:1)
  2 quokkas (D:1)
  2 frilled lizards (D:1)
11 creatures vanquished.

Vanquished Creatures (collateral kills)
  A ball python (D:1)
1 creature vanquished.

Grand Total: 12 creatures vanquished

Notes
Turn   | Place    | Note
-------+----------+-------------------------------------------
     0 | D:1      | koil the Demonspawn Necromancer began the quest for the
                  | Orb.
     0 | D:1      | Reached XP level 1. HP: 13/13 MP: 3/3
   329 | D:1      | Gained mutation: You have a pair of small horns on your
                  | head. [demonic ancestry]
   329 | D:1      | Reached XP level 2. HP: 8/20 MP: 0/5
   435 | D:1      | Slain by a gnoll

Illustrated notes

Levels and vault maps discovered:
D:1:      nicolae_arrival_memento_mori, layout_basic, serial_corexii_hall,
          corexii_hall_statues_i, corexii_hall_statues_deadend,
          corexii_hall_statues_x, chequers_hall_statues_wall_a

Skill      XL: |  1  2 |
---------------+-------+-----
Stealth        | 2 |  2.0
Dodging        | 2 |  2.0
Fighting       | |  0.6
Spellcasting   | |  2.1
Necromancy     | |  4.5

Action                   || total
-------------------------++-------
Melee: Unarmed           ||    30
       Headbutt          ||     1
 Cast: Necrotise         ||    21
 Stab: Sleeping          ||     1
Armor: Robe              ||     4
Dodge: Dodged            ||    18

Table legend: (Time is in decaauts)
 A = Elapsed time spent in this place.
 B = Non-inter-level travel time spent in this place.
 C = Inter-level travel time spent in this place.
 D = Time resting spent in this place.
 E = Time spent auto-exploring this place.
 F = Levels seen in this place.
 G = Mean time per level.
                   A        B        C        D        E       F      G
               +--------+--------+--------+--------+--------+-----+--------+
         Total |    435 |    435 |      0 |      0 |    313 |   1 |  435.0 |
       Dungeon |    435 |    435 |      0 |      0 |    313 |   1 |  435.0 |
               +--------+--------+--------+--------+--------+-----+--------+

Top non-repeatable levels by time:
     D:1: 435 daAuts
